 Dungeon Crawl Stone Soup version 0.31-a0-263-ge8cad7f256 (webtiles) character file.

Game seed: 12931780857348020905

505 qw the Shooter (level 7, -2/43 HPs)
             Began as a Gargoyle Hexslinger on July 13, 2023.
             Shot with an arrow by a centaur (3 damage)
             ... on level 5 of the Dungeon.
             The game lasted 00:01:28 (4172 turns).

qw the Shooter (Gargoyle Hexslinger)                Turns: 4172, Time: 00:01:29

Health: -2/43      AC: 13    Str: 12    XL:     7   Next: 18%
Magic:  8/8        EV: 10    Int: 13    God:
Gold:   36         SH:  0    Dex: 14    Spells: 7/8 levels left

rFire   . . .        f - +0 orcbow
rCold   . . .        (shield currently unavailable)
rNeg    + . .        i - +0 ring mail
rPois   inf          e - +0 helmet
rElec   +            (no cloak)
rCorr   .            c - +0 pair of gloves
SInv    .            l - +0 pair of boots
Will    .....        (no amulet)
Stlth   +            (no ring)
HPRegen 0.27/turn    (no ring)
MPRegen 0.11/turn

%: no passive effects
@: no status effects
A: sickness immunity, AC +4, negative energy resistance 1, electricity
resistance, torment resistance 1, petrification resistance
a: no special abilities


You were on level 5 of the Dungeon.
You visited 2 branches of the dungeon, and saw 6 of its levels.

You collected 190 gold pieces.
You spent 154 gold pieces at shops.


Innate Abilities, Weirdness & Mutations

You are immune to sickness and miasma.
Your stone body is resilient. (AC +4)
You are immune to poison.
You resist negative energy. (rN+)
You are resistant to electric shocks. (rElec)
You are resistant to unholy torment.
You are immune to petrification.


   Skills:
 - Level 4.2 Fighting
 + Level 6.1 Ranged Weapons
 - Level 2.1 Armour
 - Level 1.5 Dodging
 - Level 1.0 Spellcasting
 - Level 2.6 Hexes


You had 7 spell levels left.
You knew the following spells:

 Your Spells              Type           Power      Damage    Failure   Level
a - Slow                  Hex            28%        N/A       21%         1

Your spell library contained the following spells:

 Spells                   Type           Power      Damage    Failure   Level
 Inner Flame              Hex/Fire       4%         N/A       71%         3
 Portal Projectile        Hex/Tloc       8%         N/A       71%         3
 Cause Fear               Hex            3%         N/A       90%         4

Inventory:

Hand Weapons
 f - a +0 orcbow (weapon)
Armour
 c - a +0 pair of gloves (worn)
 e - a +0 helmet (worn)
 i - a +0 ring mail (worn)
 l - a +0 pair of boots (worn)
Scrolls
 k - a scroll of identify
Potions
 a - a potion of mutation {unknown}
 b - 7 potions of curing
 d - a potion of resistance {unknown}
 h - a potion of enlightenment
 j - a potion of magic {unknown}
 m - a potion of berserk rage {unknown}
 n - a potion of attraction {unknown}

Dungeon Overview and Level Annotations

Branches:
Dungeon (5/15)             Temple (1/1) D:4

Altars:
Ashenzari
Dithmenos
Elyvilon
Fedhas
Gozag
Hepliaklqana
Kikubaaqudgha
Makhleb
Nemelex Xobeh
Qazlal
Sif Muna
Trog
Uskayaw
Vehumet
Wu Jian
Xom
Yredelemnul
Zin
The Shining One

Shops:
D:4 !==


Message History

The orc priest is severely wounded.
The hound bites you but does no damage. The orc priest barely misses you.
The hound closely misses you.
You shoot an arrow.
The arrow closely misses the orc priest.
The hound bites you but does no damage. The orc priest barely misses you.
The hound bites you. The orc priest misses you.
You shoot an arrow.
The arrow hits the orc priest but does no damage.
The orc priest is severely wounded.
Your surroundings suddenly seem different.
A centaur comes into view.
Found a stone staircase leading up.
The centaur shouts!
The centaur wields a +0 orcbow.
The centaur shoots an arrow.
The arrow hits you but does no damage.
The centaur shoots an arrow.
The arrow hits you but does no damage.
Autopickup is now on.
Enter note:
Enter note:
Enter note:
Enter note:
Enter note:
Enter note:
Enter note:
Enter note:
Enter note:
Enter note:
Enter note:
Enter note: You shoot an arrow.
The arrow barely misses the centaur.
The centaur shoots an arrow.
The arrow hits you.
The centaur shoots an arrow.
The arrow completely misses you.
You shoot an arrow. The arrow hits the centaur.
The centaur is moderately wounded.
The centaur shoots an arrow.
The arrow hits you.
You shoot an arrow. The arrow hits the centaur.
The centaur is heavily wounded.
The centaur shoots an arrow.
The arrow hits you.
You die...

#### ## ##..# #.# #...#
###..##... ##.###
#.@.......
###....##.........<....
##.....###..........c...
........##......##....#.
#.......#........ ..###
#......###........###
#.......##.....<...
#..##...#.........#
oho...............#


You could see a centaur.

Vanquished Creatures
  A centaur (D:5)
  2 scorpions (D:4)
  A hound (D:4)
  2 iguanas (D:4)
  8 gnolls
  4 adders
  3 worms
  3 dart slugs
  19 orcs
  3 bats
  5 endoplasms
  3 giant cockroaches
  8 hobgoblins
  2 jackals (D:4)
  9 kobolds
  5 ball pythons
  2 frilled lizards (D:3)
  4 goblins
  3 rats
87 creatures vanquished.

Notes
Turn   | Place    | Note
-------+----------+-------------------------------------------
     0 | D:1      | qw the Gargoyle Hexslinger began the quest for the Orb.
     0 | D:1      | Reached XP level 1. HP: 12/12 MP: 2/2
     0 | D:1      | 0 ||| qw: Version: 0.3-a-52-g30416fa
     0 | D:1      | 0 ||| qw: Game counter: 7136
     0 | D:1      | 0 ||| qw: Melee chars always use a shield: true
     0 | D:1      | 0 ||| qw: God list: Okawaru
     0 | D:1      | 0 ||| qw: Allow faded altars: false
     0 | D:1      | 0 ||| qw: Do Orc after clearing Dungeon:15 true
     0 | D:1      | 0 ||| qw: Do second Lair branch before Depths: true
     0 | D:1      | 0 ||| qw: Lair rune preference: random
     0 | D:1      | 0 ||| qw: Goals: Normal
     0 | D:1      | 0 ||| PLANNING D:1-11
   258 | D:1      | Reached XP level 2. HP: 15/16 MP: 3/3
   496 | D:1      | Reached skill level 3 in Ranged Weapons
   834 | D:1      | 834 ||| UPGRADING to +0 helmet.
   839 | D:1      | 839 ||| UPGRADING to +0 leather armour.
   849 | D:1      | 849 ||| DROPPING +0 robe.
   850 | D:1      | 850 ||| UPGRADING to +0 ring mail.
   860 | D:1      | 860 ||| DROPPING +0 leather armour.
   861 | D:1      | 861 ||| READING scroll labelled CEITE YBUUM.
   862 | D:1      | 862 ||| READING scroll labelled PAWAKLALAT.
   863 | D:1      | 863 ||| READING scroll labelled TOGGOSA JIMN.
   866 | D:1      | 866 ||| DROPPING scroll of poison.
   902 | D:2      | Reached XP level 3. HP: 21/21 MP: 4/4
  1063 | D:2      | 1063 ||| READING scroll of enchant weapon.
  1063 | D:2      | 1063 ||| ENCHANTING +2 sling.
  1247 | D:2      | Reached skill level 1 in Armour
  1249 | D:2      | 1249 ||| READING scroll of enchant weapon.
  1249 | D:2      | 1249 ||| ENCHANTING +3 sling.
  1553 | D:2      | 1553 ||| UPGRADING to +0 pair of gloves.
  1558 | D:2      | 1558 ||| DRINKING 5 fuming cyan potions.
  1559 | D:2      | 1559 ||| DRINKING 2 smoky coppery potions.
  1560 | D:2      | 1560 ||| DROPPING potion of degeneration.
  1614 | D:3      | Reached XP level 4. HP: 26/26 MP: 5/5
  1657 | D:3      | 1657 ||| Stepping ~*~*~tactically~*~*~ (outnumbered).
  1819 | D:3      | Reached skill level 4 in Ranged Weapons
  1939 | D:3      | Found an ornate altar of the Wu Jian Council.
  2178 | D:3      | 2178 ||| READING scroll labelled OWIYBOEGR ZYTE.
  2179 | D:3      | 2179 ||| READING scroll labelled DAOVAL YSMACW.
  2246 | D:4      | Reached XP level 5. HP: 18/30 MP: 6/6
  2306 | D:4      | Found a staircase to the Ecumenical Temple.
  2307 | D:4      | 2307 ||| PLANNING TEMPLE
  2311 | Temple   | Entered the Ecumenical Temple
  2337 | Temple   | 2337 ||| PLANNING D:1-11
  2402 | D:4      | Reached skill level 5 in Ranged Weapons
  2498 | D:4      | Found Zaecw's Distillery.
  2506 | D:4      | 2506 ||| BUYING 2 potions of curing (84 gold).
  2506 | D:4      | Bought 2 potions of curing for 84 gold pieces
  2506 | D:4      | 2506 ||| SHOPLISTING potion of cancellation (112 gold, have
                  | 74).
  2506 | D:4      | 2506 ||| BUYING potion of enlightenment (70 gold).
  2506 | D:4      | Bought a potion of enlightenment for 70 gold pieces
  2506 | D:4      | 2506 ||| SHOPLISTING potion of enlightenment (70 gold, have
                  | 4).
  2506 | D:4      | 2506 ||| SHOPLISTING potion of heal wounds (70 gold, have
                  | 4).
  2506 | D:4      | 2506 ||| SHOPLISTING potion of mutation (112 gold, have 4).
  2640 | D:4      | Found a blossoming altar of Fedhas.
  2658 | D:4      | Reached XP level 6. HP: 36/36 MP: 7/7
  2661 | D:4      | Reached skill level 3 in Fighting
  2686 | D:4      | Found Feagysy's Jewellery Shoppe.
  2689 | D:4      | 2689 ||| SHOPLISTING amulet of regeneration (300 gold, have
                  | 17).
  2689 | D:4      | 2689 ||| SHOPLISTING ring "Lopew" {Wiz rN+ Will+ rCorr
                  | Int+2} (566 gold, have 17).
  2689 | D:4      | 2689 ||| SHOPLISTING ring of Efirr {rPois Dex+6 Slay+3}
                  | (598 gold, have 17).
  2689 | D:4      | 2689 ||| SHOPLISTING ring of ice (250 gold, have 17).
  2689 | D:4      | 2689 ||| SHOPLISTING ring of positive energy (200 gold,
                  | have 17).
  2689 | D:4      | 2689 ||| SHOPLISTING ring of protection from fire (250
                  | gold, have 17).
  2689 | D:4      | 2689 ||| SHOPLISTING ring of willpower (250 gold, have 17).
  2843 | D:4      | Found a hide-covered altar of Uskayaw.
  2852 | D:4      | Found Mofaiv's Jewellery Emporium.
  2871 | D:4      | 2871 ||| SHOPLISTING +4 ring of slaying (780 gold, have
                  | 29).
  2871 | D:4      | 2871 ||| SHOPLISTING +6 ring of dexterity (360 gold, have
                  | 29).
  2871 | D:4      | 2871 ||| SHOPLISTING amulet of regeneration (300 gold, have
                  | 29).
  2871 | D:4      | 2871 ||| SHOPLISTING ring of willpower (250 gold, have 29).
  3479 | D:4      | 3479 ||| UPGRADING to +0 pair of boots.
  3484 | D:4      | 3484 ||| READING scroll labelled HENIHI XUUV.
  3485 | D:4      | 3485 ||| READING 2 scrolls labelled HAWKOHECAR.
  3522 | D:5      | Entered Level 5 of the Dungeon
  3528 | D:5      | 3528 ||| STAIRDANCE
  3535 | D:4      | Reached skill level 6 in Ranged Weapons
  3539 | D:4      | HP: 9/37 [gnoll/+0 club (5)]
  3540 | D:4      | 3540 ||| READING 4 scrolls of teleportation.
  3683 | D:5      | 3683 ||| FLEEEEING.
  3684 | D:5      | 3684 ||| FLEEEEING.
  3685 | D:5      | 3685 ||| FLEEEEING.
  3686 | D:5      | 3686 ||| STAIRDANCE
  3758 | D:5      | Found a hazy altar of Hepliaklqana.
  3804 | D:5      | HP: 5/37 [centaur/arrow (8)]
  3805 | D:5      | 3805 ||| READING 3 scrolls of teleportation.
  3806 | D:5      | HP: 1/37 [centaur/arrow (5)]
  3808 | D:5      | Found a burning altar of Makhleb.
  3869 | D:5      | HP: 7/37 [centaur/arrow (11)]
  3870 | D:5      | 3870 ||| READING 2 scrolls of teleportation.
  3872 | D:5      | Reached XP level 7. HP: 6/43 MP: 8/8
  4087 | D:5      | 4087 ||| SWAPPING to +0 orcbow.
  4108 | D:5      | 4108 ||| DROPPING +4 sling.
  4165 | D:5      | HP: 10/43 [orc priest/nerve-wracking pain (5)]
  4166 | D:5      | 4166 ||| READING scroll of teleportation.
  4170 | D:5      | HP: 5/43 [centaur/arrow (4)]
  4171 | D:5      | HP: 1/43 [centaur/arrow (4)]
  4172 | D:5      | Shot with an arrow by a centaur

Levels and vault maps discovered:
D:1:      scummos_arrival_gate, layout_loops_corners
D:2:      layout_loops_ring, minmay_crystal_room
D:3:      layout_loops_ring, general_overflow_altar
D:4:      layout_layer_cave, mainiacjoe_overflow_catch_the_wave,
          minmay_temple_entry_wispy, serial_shops,
          nicolae_shop_pleasant_corner_grove, nicolae_shop_hallway_stairs,
          nicolae_shop_behind_doors
D:5:      layout_cave_pools, mainiacjoe_overflow_small_starburst,
          lemuel_doored_altar
Temple:   nicolae_temple_ecumenical_triangle

Skill      XL: |  1  2  3  4  5  6 |
---------------+-------------------+-----
Ranged Weapons | 3 4 5 6 |  6.1
Fighting       | 2 4 |  4.2
Armour         | 1 2 |  2.1
Dodging        | |  1.5
Spellcasting   | |  1.0
Hexes          | |  2.6

Action                     |  1- 3 |  4- 6 |  7- 9 || total
---------------------------+-------+-------+-------++-------
   Fire: Sling             |   129 |   170 |       ||   299
         Orcbow            |       |       |    36 ||    36
    Use: Scroll            |     5 |     7 |     1 ||    13
         Potion            |     2 |       |       ||     2
 Armour: Robe              |     4 |       |       ||     4
         Ring mail         |    17 |    65 |    24 ||   106
  Dodge: Dodged            |    54 |    66 |    17 ||   137

Table legend:
 A = Non-vault XP
 B = Vault XP
 C = Vault XP percentage of total XP
 D = Non-vault monster count
 E = Vault monster count
 F = Vault count percentage of total count
                 A         B        C        D         E       F
            +---------+---------+-------+---------+---------+-------
      Total |     722 |       0 |   0.0 |      87 |       0 |   0.0
            +---------+---------+-------+---------+---------+-------
        D:1 |      27 |       0 |   0.0 |      15 |       0 |   0.0
        D:2 |      48 |       0 |   0.0 |      17 |       0 |   0.0
        D:3 |      65 |       0 |   0.0 |      19 |       0 |   0.0
        D:4 |     367 |       0 |   0.0 |      26 |       0 |   0.0
        D:5 |     215 |       0 |   0.0 |      10 |       0 |   0.0
            +---------+---------+-------+---------+---------+-------
